 Dungeon Crawl Stone Soup version 0.23-a0-8-gb809bb70e4 (webtiles) character file.

562 Htamos the Carver (level 7, -4/57 HPs)
             Began as a Minotaur Fighter on Aug 1, 2018.
             Killed by divine providence
             ... invoked by an orc priest
              (15 damage)
             ... on level 5 of the Dungeon.
             The game lasted 00:04:32 (3608 turns).

Htamos the Carver (Minotaur Fighter)                Turns: 3608, Time: 00:04:33

Health: -4/57      AC: 11    Str: 22    XL:     7   Next: 10%
Magic:  6/6        EV:  5    Int:  8    God:
Gold:   145        SH:  9    Dex: 10    Spells: 6/6 levels left

rFire    + . .     SeeInvis .   a - +0 long sword
rCold    + . .     Gourm    .   c - +0 shield
rNeg     . . .     Faith    .   r - +0 chain mail
rPois    .         Spirit   .   n - +2 hat {Int+3}
rElec    .         Reflect  .   t - scarf {rC+ rF+}
rCorr    .         Harm     .   (no gloves)
MR       .....                  (no boots)
Stlth    ..........             (no amulet)
HPRegen  0.19/turn              (no ring)
MPRegen  0.10/turn              (no ring)

@: no status effects
A: retaliatory headbutt, horns 2
a: no special abilities


You were on level 5 of the Dungeon.
You were hungry.

You visited 1 branch of the dungeon, and saw 5 of its levels.

You collected 145 gold pieces.

Inventory:

Hand Weapons
 a - a +0 long sword (weapon)
Armour
 b - a +0 scale mail
 c - a +0 shield (worn)
 n - a +2 hat of intelligence (worn)
 r - a +0 chain mail (worn)
 t - a scarf of resistance (worn)
Jewellery
 d - an uncursed ring of ice {unknown}
 i - an uncursed ring of see invisible {unknown}
 v - an uncursed ring of protection from fire {unknown}
Scrolls
 e - 5 scrolls of teleportation {unknown}
 g - 3 scrolls of enchant armour {unknown}
 h - a scroll of enchant weapon {unknown}
 j - 7 scrolls of identify {unknown}
 m - 2 scrolls of immolation {unknown}
 o - 2 scrolls of remove curse {unknown}
 q - a scroll of amnesia {unknown}
Potions
 k - a potion of invisibility {unknown}
 l - a potion of brilliance {unknown}
 s - 2 potions of curing {unknown}
 u - a potion of flight {unknown}
Comestibles
 f - 10 rations


   Skills:
 - Level 3.6 Fighting
 * Level 9.4 Long Blades
 - Level 3.6 Armour
 - Level 3.6 Shields


You had 6 spell levels left.
You didn't know any spells.
Your spell library contained the following spells:

 Spells                   Type           Power        Failure   Level  Hunger
 Spider Form              Tmut/Pois      #.........   100%        3    ####...
 Blade Hands              Tmut           #.........   100%        5    ######.
 Ice Form                 Ice/Tmut       #.......     100%        4    #####..
 Sticks to Snakes         Tmut           #.......     100%        2    ###....
 Beastly Appendage        Tmut           #.....       100%        1    ##.....


Dungeon Overview and Level Annotations

Branches:
Dungeon (5/15)
 Temple: D:4-7

Altars:


Innate Abilities, Weirdness & Mutations

You reflexively headbutt those who attack you in melee.
You have a pair of horns on your head.


Message History

The orc priest calls down the wrath of Beogh upon you.
Pain shoots through your body!
The orc priest begins to cast a cantrip, but forgets the words!
The orc priest looks braver for a moment.
The orc priest calls down the wrath of Beogh upon you.
Beogh smites you!
The orc priest invokes the aid of Beogh against you.
Beogh smites you!
* * * LOW HITPOINT WARNING * * *
The orc priest mumbles some strange prayers to Beogh against you.
Beogh smites you!
* * * LOW HITPOINT WARNING * * *
There is a stone staircase leading up here.
The orc priest invokes the aid of Beogh against you.
Beogh smites you!
* * * LOW HITPOINT WARNING * * *
The orc hits you but does no damage.
The orc priest invokes the aid of Beogh against you.
Beogh smites you!
You die...

#.# # #.# # #.# # #.# #
# #.# # >.. #.# #
#..####### #.# #
#...<....#####.########
#....@o..o..o.........
#######.......########
#########


You could see 2 orc priests and an orc.

Vanquished Creatures
  An ogre (D:4)
  A centaur (D:5)
  A howler monkey (D:4)
  A hound (D:4)
  A jelly (D:5)
  Terence (D:3)
  2 worker ants (D:4)
  A hound zombie (D:5)
  A hound skeleton (D:4)
  A howler monkey zombie (D:5)
  Robin (D:4)
  5 adders
  A shadow imp (D:5)
  2 oozes
  A worm (D:3)
  3 leopard geckos
  5 orcs
  4 ball pythons
  5 giant cockroaches
  6 hobgoblins
  8 jackals
  5 quokkas
  12 bats
  5 frilled lizards
  15 goblins
  14 kobolds
  7 rats
110 creatures vanquished.

Notes
Turn   | Place    | Note
-------+----------+-------------------------------------------
     0 | D:1      | Htamos the Minotaur Fighter began the quest for the Orb.
     0 | D:1      | Reached XP level 1. HP: 19/19 MP: 0/0
    91 | D:1      | Reached skill level 3 in Long Blades
   124 | D:1      | Reached XP level 2. HP: 26/26 MP: 1/1
   281 | D:1      | Reached skill level 4 in Long Blades
   580 | D:1      | Reached XP level 3. HP: 27/31 MP: 2/2
  1067 | D:2      | Reached skill level 5 in Long Blades
  1335 | D:2      | Reached XP level 4. HP: 39/39 MP: 3/3
  1839 | D:3      | Noticed Terence
  1846 | D:3      | Reached skill level 6 in Long Blades
  1851 | D:3      | Killed Terence
  1851 | D:3      | Reached XP level 5. HP: 21/45 MP: 4/4
  2412 | D:4      | Reached skill level 7 in Long Blades
  2498 | D:4      | Noticed an ogre
  2503 | D:4      | Killed an ogre
  2503 | D:4      | Reached XP level 6. HP: 45/51 MP: 5/5
  2615 | D:4      | Reached skill level 8 in Long Blades
  2798 | D:4      | Noticed Robin
  2804 | D:4      | Killed Robin
  3310 | D:5      | Entered Level 5 of the Dungeon
  3382 | D:5      | Reached skill level 9 in Long Blades
  3486 | D:5      | Reached XP level 7. HP: 46/57 MP: 6/6
  3608 | D:5      | Killed from afar by an orc priest

Vault maps used:
D:1:      dpeg_arrival_lava_temple_mockup, minmay_pentomino_x4
D:3:      first_ration, uniq_terence
D:4:      uniq_robin
D:5:      cheibrodos_helix_gallery, nemelex_xobeh_ov_fountains_minmay,
          kennysheep_mini_moat, grunt_gozag_statues

Skill      XL: |  1  2  3  4  5  6 |
---------------+-------------------+-----
Long Blades    | 3 4 5 6 7 9 |  9.4
Fighting       | |  3.6
Armour         | |  3.6
Shields        | |  3.6

Action                   |  1- 3 |  4- 6 |  7- 9 || total
-------------------------+-------+-------+-------++-------
Melee: Long sword        |    96 |   174 |       ||   270
       Headbutt          |     9 |    25 |       ||    34
  Use: Potion            |       |     1 |       ||     1
  Eat: Chunk             |     1 |     7 |       ||     8
Armor: Scale mail        |    43 |    31 |       ||    74
       Chain mail        |       |    37 |     1 ||    38
Dodge: Dodged            |    36 |    50 |       ||    86
Block: Shield            |    45 |    98 |       ||   143
       Rpst.: Long sword |     8 |    16 |       ||    24

Table legend:
 A = Spawn XP
 B = Non-spawn XP
 C = Spawn XP percentage of total XP
 D = Spawn monster count
 E = Non-spawn monster count
 F = Spawn count percentage of total count
 G = Total turns spent on level
                    A         B        C        D         E        F      G
               +---------+---------+-------+---------+---------+-------+---------
         Total |       0 |     803 |   0.0 |       0 |     110 |   0.0 |  3608
               +---------+---------+-------+---------+---------+-------+---------
           D:1 |       0 |      42 |   0.0 |       0 |      27 |   0.0 |   940
           D:2 |       0 |      60 |   0.0 |       0 |      23 |   0.0 |   557
           D:3 |       0 |     126 |   0.0 |       0 |      29 |   0.0 |   815
           D:4 |       0 |     374 |   0.0 |       0 |      26 |   0.0 |   998
           D:5 |       0 |     201 |   0.0 |       0 |       5 |   0.0 |   298
               +---------+---------+-------+---------+---------+-------+---------
